[Event "44th Chess Olympiad Open 2022"]
[Site "Chennai"]
[Date "2022.08.07"]
[Round "9.37"]
[White "Stanojoski, Zvonko"]
[Black "Harper, Ryan"]
[Result "1-0"]
[WhiteElo "2412"]
[BlackElo "2208"]
[Annotator "TA"]
[PlyCount "105"]
[EventDate "2022.??.??"]
[TimeControl "60"]

1. e4 c5 2. Nf3 Nc6 3. Bb5 e5 4. O-O Bd6 5. c3 a6 6. Ba4 {[%emt 0:01:31] B30: Sicilian: 2...Nc6 3 Bb5,
lines without ...g6.} b5 7. Bc2 Qc7 8. Re1 {[%emt 0:05:42] [#] White is slightly better.} Nge7 $146 ({Predecessor:} 8... Nf6 9. d3 O-O 10. Nbd2 Re8 11. Nf1 h6 12.
Nh4 Bf8 13. Qf3 Bb7 14. Bxh6 Re6 {1-0 (37) Luque Saiz,A (2155)-Del Carmen
Hernandez,A (2037) Salobrena 2020}) 9. d3 Ng6 10. Nbd2 Be7 11. Nf1 O-O 12. Ne3 d6 13. d4 exd4 14. cxd4 cxd4 15. Nd5 Qa7 16. a4 {[%emt 0:07:07] axb5 is the strong threat.} b4 17.
Nxe7+ Ngxe7 18. Bf4 $36 {[%emt 0:00:38]
Black is under pressure.} Ng6 19. Bxd6 Re8 20. h3 {[%emt 0:01:19] Prevents Bg4.} Nge5 (
20... Nce5 $142) 21. Bb3 {[%emt 0:12:19] Strongly threatening Rc1.} Be6 22. Bd5 {[%emt 0:05:24] A strong pair of Bishops.} Nxf3+ 23. Qxf3 ({Much weaker is} 23. gxf3 Red8 24.
Bxc6 Rac8 25. Bxb4 Rxc6 $15) 23... Qd7 (23... Rac8 $1 $14) 24.
e5 $1 $16 Bxd5 25. Qxd5 h6 26. Rac1 Rac8 27. Rc5 Ne7 28. Bxe7 {[%emt 0:01:13] 0x0.
0024d610c149dp-1022s more active pieces.} (28. Qxd4 $16 Rxc5 29. Qxc5 (29. Bxc5
Qxd4 30. Bxd4 Rc8 $16)) 28... Qxe7 $14 29. Rxc8 Rxc8 30. Qxd4 $16 {[%emt 0:00:26] Endgame KQR-KQR} Qc5 {
[%emt 0:00:44] Inhibits Qb6.} 31. Qd7 {[%emt 0:00:50] Threatens to win with e6.
} Qc6 32. Qg4 Qc4 (32... a5
$14) 33. Re4 $1 Qc1+ 34. Kh2 a5 35. b3 Qc7 36. Qg3 Qd7 37. Rg4 g6 38. Qf4 (38. Qe3 $16) 38... Qe6 $11 39.
Rg3 Rc3 40. Qf6 (40. Qd4 {
looks sharper.} Qxb3 41. Qd8+ Kg7 42. Qxa5 Rxg3 43. fxg3 h5 44. Qa6) 40... Qxf6 41. exf6 {[%emt 0:30:05] KR-KR} Kh7 42. h4 g5 {[%emt 0:07:45] [#]} (42... Rc6 $11) 43.
h5 $1 $16 ({But not} 43. hxg5 $6 Rxg3 44. Kxg3 hxg5 $11) 43...
Rc5 {[%emt 0:06:37] [#]} 44. Kh3 $1 Rf5 45.
Rf3 g4+ $2 (45... Re5 46. Kg4 Re4+ 47. Kg3
Re5) 46. Kxg4 $18 Rg5+ 47. Kf4 Rxg2 48. Ke4 Rg1 49.
Rg3 Rh1 50. Rg7+ Kh8 51. Rxf7 Rxh5 52. Rb7 (52. Rg7 $142 Rh2 53. f4) 52... Rh3 53. Rb8+ {
[%emt 0:00:12] Weighted Error Value: White=0.21 (precise) / Black=0.32} 1-0

[Event "44th Chess Olympiad Open 2022"]
[Site "Chennai"]
[Date "2022.08.07"]
[Round "9.37"]
[White "Lazov, Toni"]
[Black "Mc Intosh, Isaiah"]
[Result "1-0"]
[WhiteElo "2374"]
[BlackElo "2215"]
[Annotator "RC"]
[PlyCount "77"]
[EventDate "2022.??.??"]
[TimeControl "60"]

1. e4 e5 2. Nf3 Nc6 3. Bc4 Bc5 4. c3 Nf6 5. d3 d6 6. Nbd2 a5 7. O-O h6 8. Re1 O-O 9. Nf1 Ne7 10. Ng3 Ng6 11. Bb3 c6 12. d4 Ba7 13. h3 Re8 14. Be3 exd4 15. Bxd4 Be6 16. Bxe6 Rxe6 17. Bxa7 Rxa7 18. Nd4 Re8 19. Ndf5 Re6 20. Qd4 Ra6 21. Rad1 Qf8 22. c4 a4 23. Qd2 Ne5 24. Nxd6 c5 25. Nb5 h5 26. Nc7 h4 27. Nxe6 fxe6 28. Nf1 Nxc4 29. Qc1 b5 30. Re2 Nh5 31. Qg5 Nf6 32. Qxh4 a3 33. bxa3 Rxa3 34. Rb1 Ra5 35. Ng3 Ne5 36. Nh5 Nfd7 37. Rb3 Ng6 38. Qg5 Nde5 39. f4 1-0

[Event "44th Chess Olympiad Open 2022"]
[Site "Chennai"]
[Date "2022.08.07"]
[Round "9.37"]
[White "Winter Atwell, Adrian"]
[Black "Nikolovski, Nikola"]
[Result "0-1"]
[WhiteElo "2250"]
[BlackElo "2366"]
[Annotator "RC"]
[PlyCount "64"]
[EventDate "2022.??.??"]
[TimeControl "60"]

1. e4 e6 2. d4 d5 3. exd5 exd5 4. c4 Nf6 5. Nc3 Bb4 6. Bd3 dxc4 7. Bxc4 O-O 8. Nge2 Nbd7 9. O-O Nb6 10. Bb3 c6 11. Bg5 Re8 12. Qd3 Be6 13.
Bc2 Bc4 14. Qh3 h6 15. Bxf6 Qxf6 16. Bd3 Bxc3 17. bxc3 Rxe2 18.
Bxe2 Bxe2 19. Rfe1 Bc4 20. a4 Be6 21. Qg3 Qd8 22. a5 Nc4 23.
a6 b5 24. Re2 Qg5 25. Qc7 Bd5 26. f4 Qg4 27. Rf2 Ne3 28. g3 Nd1 29. Rd2 Qf3 30. Raxd1 Qh1+ 31. Kf2 Qg2+ 32. Ke1 Re8+ 0-1

[Event "44th Chess Olympiad Open 2022"]
[Site "Chennai"]
[Date "2022.08.07"]
[Round "9.37"]
[White "Johnson, Joshua"]
[Black "Risteski, Emil"]
[Result "0-1"]
[WhiteElo "2178"]
[BlackElo "2405"]
[Annotator "TA"]
[PlyCount "102"]
[EventDate "2022.??.??"]
[TimeControl "60"]

1. d4 Nf6 2. c4 g6 3. Nc3 Bg7 4. e4 d6 5. Be2 O-O 6. Be3 a5 {[%emt 0:00:08] E73: King's Indian: Averbakh Variation without 6...
c5.} 7. g4 {[%emt 0:02:29] [#]} c5 $146 ({
Predecessor:} 7... e5 8. d5 Na6 9. h4 Nc5 10. f3 h5 11. g5 Nh7 12. Qd2 f6 13.
Nh3 Bxh3 14. Rxh3 fxg5 15. hxg5 a4 16. O-O-O Rf4 17. Rg3 Rh4 18. Rg2 b6 19. Nb5
Qe7 20. Kb1 Rf8 21. Qc2 {1-0 (41) Visakh,N (2516)-Matveev,V (2368) Chess.com
INT 2020}) 8. g5 {[%emt 0:20:25] [#]} (8. d5 $11) 8... Ng4 $1 $17 {[%emt 0:00:
00] Black is better.} 9. Bxg4 Bxg4 ({Better
is} 9... cxd4 $1 $15 10. Bxd4 (10. Bxc8 dxe3 11. Bxb7 exf2+ 12. Kxf2 Qb6+ 13.
Kg2 Qxb7 $17) 10... Bxd4 11. Qxd4 Bxg4) 10. Qxg4 $11 cxd4 11. Bxd4 Bxd4 12. Nge2 Bg7 13. Rd1 a4 14. O-O (14. h4 $11) 14... Ra5 15. Rd2 (15. b3 $11 {keeps the balance.}) 15... Nc6 16. f4 {[%emt 0:00:35] Inhibits Ne5.} Qb6+ 17. Kh1 Qb4 18. f5 Ne5 (
18... Qxc4 $6 19. f6 exf6 20. gxf6 $11) (18... Bxc3 $17 19. bxc3 Qxc4) 19. Qh3
$15 Nxc4 20. a3 Qb6 21. Rd5 (21. Rd3 $1 $11 {was the only way to
keep the balance.}) 21... gxf5 {[%emt 0:15:05] Black is more active.} (21...
Nxb2 22. f6 exf6 23. gxf6 Bxf6 24. Rxf6 $18) (21... Re8 $1 $17 {Strongly
threatening ...e6.} 22. f6 exf6 23. gxf6 Bf8) 22. Rxa5 $1 Qxa5 23. Nd5 Re8 (23... Bxb2 $2
24. Nxe7+ Kh8 25. g6 fxg6 26. Nxg6+ Kg8 27. Nxf8 $18) (23... fxe4 $2 24. g6 $1
h6 25. gxf7+ Kh8 26. Nef4 Rxf7 27. Qc8+ Kh7 28. Qxc4 $18) 24. Qxf5 Ne5 25. Ng3 $1 Qd8 {[%emt 0:01:42] ...
e6 is the strong threat.} 26. Nh5 Qd7 (26...
Kh8 $17 {Threatens to win with ...e6.} 27. Nxg7 Kxg7) 27. Qf2 $2 ({Much worse is} 27. Nxg7 Kxg7 28. Kg2 b5 $15) (27. Rc1 $1 $11) 27... Qg4
$17 {[%emt 0:02:07][%csl Ye4,Yg5,Yh5] Black converts the advantage
convincingly.} 28. Nhf4 (28. Ndf4 $17) 28... Qxg5 $19 29. Rg1 {[%emt 0:03:26] [#]} Qh6 30. Qc2 Ng6 31. Qxa4 Rf8 32. Rg3 $2 (32. Nd3) 32... e6 ({Stronger than} 32... Nxf4 33. Nxe7+ Kh8 34. Nf5 $19) 33. Rh3 Qg5 {[%emt 0:00:10] Inhibits Nf6+.} 34. Rg3 Qd8 35. Nxg6 hxg6 36. Ne3 Be5 37. Rh3 Qb6 38. Nc4 Qc5 {[%emt 0:01:23] aiming for ...b5.} ({But not} 38... Qf2 $2
39. Qd1 $19) 39. Qb3 (39. Ne3 $142 Rc8 40. Rf3) 39... Rc8 {
[%emt 0:00:37] White must now prevent ...Qf2.} 40. Nxe5 Qxe5 {
[%emt 0:00:05] Endgame KQR-KQR} (40... Qc1+ $142 41. Kg2 Rc2+ 42. Kf3 dxe5 43.
Qxc2 Qxc2) 41. Re3 Rc1+ 42. Kg2 Qg5+ 43. Rg3 Qd2+ 44.
Kh3 Rc2 45. Rxg6+ fxg6 {
[%emt 0:00:00] Black mates.} 46. Qxe6+ {[%emt 0:00:00] [#]} Kf8 $1 47. Qf6+ Ke8 48. Qxg6+ Kd8 49. Qf6+ Kc7 50. Qf7+ Kb8 51. Qe8+ Rc8 {[%emt 0:00:
00] Weighted Error Value: White=0.84/Black=0.38} 0-1

[Event "44th Chess Olympiad Open 2022"]
[Site "Chennai"]
[Date "2022.08.07"]
[Round "9.38"]
[White "Hernandez Guerrero, Gilberto"]
[Black "Makoto, Rodwell"]
[Result "1/2-1/2"]
[WhiteElo "2560"]
[BlackElo "2346"]
[Annotator "TA"]
[PlyCount "92"]
[EventDate "2022.??.??"]
[TimeControl "60"]

1. e4 e5 2. Nf3 Nc6 3. Bb5 a6 4. Ba4 Nf6 5. d3 b5 6. Bb3 Bc5 7. Nc3 {[%emt 0:00:14] 7.c3
gains popularity.} h6 {[%emt 0:00:46] C77: Ruy Lopez: 3...a6 4 Ba4 Nf6,
unusual lines.} 8. Nd5 d6 9. c3 O-O 10. Nxf6+ Qxf6 11.
Bd5 Bd7 12. Rg1 Ne7 13. Bxa8 $16 Rxa8 14. Be3 Ng6 15. d4 exd4 16. Bxd4 {[%emt 0:00:06] [#]} Qe6 $146 (16... Bxd4 $14
17. Qxd4 Qe6) ({Predecessor:} 16... Qe7 17. Qe2 Be6 18. a3 Rb8 19. Qe3 a5 20.
Kd2 f6 21. b4 Bb6 22. Bxb6 Rxb6 23. bxa5 {1-0 (57) Munguntuul,B (2433)
-Shuvalova,P (2509) Riga 2021}) 17. Bxc5 dxc5 18. Qd5 Qxd5 19. exd5 Nf4 20. Kd2 Rd8 21. g3 Nh3 {[%emt 0:00:50] Threatens to win with ...Bg4.} 22. Rgf1 (22. Rge1 $14) 22... Bg4 $11 23. Ng1 Rxd5+ 24. Kc2 $1 {[%emt 0:00:46]
Black should prevent Nxh3.} Rh5 (24... Bf5+ $11 {might be
stronger.} 25. Kb3 Nxg1 26. Rxg1 Rd2) 25. Nxh3 $14 Rxh3 {
[%emt 0:00:12] Endgame KRR-KRB} 26. Kd2 Rxh2 27. Ke3 Rh5 28. f3 {[%emt 0:00:00] White has
compensation.} Be6 29. Rfd1 Re5+ 30. Kf2 Bd5 31. Rd3 (
31. g4 $5 c6 32. Re1 Rxe1 33. Rxe1 $14) 31... Rf5 {[%emt 0:01:
08] [#]} (31... c6 $11) 32. a4 (32. g4 $1 $16 c4 33. gxf5 cxd3 34. Rd1) 32... h5 (32... c6 $1 $11) 33. a5 b4 34. Re1 (34. Re3 $14)
34... Kf8 $2 (34... c4 $11 35. Rde3 bxc3) 35. Rde3 g6 36. Re8+ Kg7 37. R1e3 (37. f4 $16) 37... bxc3 $1 $11 38. bxc3 {[%emt 0:01:40] Black must now prevent R8e7.} c6 $2 (38... Kf6 $1 $11) 39. Ra8 $18 Bc4 {[%emt 0:
00:44] [#]} 40. Rc8 (40. f4 $1 $18) 40... Rf6 (40... Bd5 $16 {was worth a try.}) 41. Ree8 Rf5 42. Rxc6 $2 ({White should play} 42. f4 $18) 42... Bb5
$11 {[%emt 0:00:27] The position is equal.} 43. Rec8 Bxc6 44. Rxc6 c4 45. Rxa6 Rd5 46. Rc6 Rxa5 {[%emt 0:00:
00] Weighted Error Value: White=0.33/Black=0.35} 1/2-1/2

[Event "44th Chess Olympiad Open 2022"]
[Site "Chennai"]
[Date "2022.08.07"]
[Round "9.38"]
[White "Capo Vidal, Uriel"]
[Black "Zhemba, Jemusse"]
[Result "0-1"]
[WhiteElo "2215"]
[BlackElo "2162"]
[Annotator "RC"]
[PlyCount "172"]
[EventDate "2022.??.??"]
[TimeControl "60"]

1. d4 d5 2. Bf4 c5 3. e3 Nc6 4. Nf3 cxd4 5. exd4 Bg4 6. Nbd2 Qb6 7. Nb3 e6 8. Be2 Be7 9. O-O Nf6 10. a4 a5 11. h3 Bf5 12. Ne5 O-O 13. g4 Be4 14. g5 Nxe5 15. gxf6 Ng6 16. fxe7 Nxf4 17. exf8=Q+ Rxf8 18. f3 Bf5 19. Bd3 Bxd3 20. cxd3 e5 21. Rf2 Nxh3+ 22. Kf1 Nxf2 23. Kxf2 exd4 24. Rc1 Re8 25. Nd2 Qf6 26. Nf1 Qh4+ 27. Kg1 h5 28. Rc2 Re6 29. Rg2 Qf4 30. Qd2 Qxf3 31. Qxa5 Rf6 32. Qe1 Qxd3 33. Ng3 Re6 34. Qf1 Qe3+ 35. Kh2 d3 36. Qf5 h4 37. Nf1 Qd4 38. Qg4 Qe5+ 39. Kh3 g6 40.
Qf3 Qd4 41. Rf2 f5 42. Rd2 Re2 43. Rxd3 Rf2 44. Rxd4 Rxf3+ 45. Kg2 Rb3 46. Rxd5 Rxb2+ 47. Kh3 Rb4 48. Rb5 Rxa4 49. Rxb7 g5 50. Rc7 Ra3+ 51. Kh2 Rf3 52. Kg2 g4 53. Nd2 h3+ 54. Kg1 Rg3+ 55. Kh1 Rd3 56. Nf1 Rd1 57. Kg1 h2+ 58. Kxh2 Rxf1 59. Kg2 Rf3 60. Rb7 f4 61. Ra7 Rg3+ 62. Kf2 Rh3 63. Ra5 Rh2+ 64. Kg1 g3 65. Rf5 Rf2 66. Rf6 Kg7 67. Ra6 f3 68. Ra4 Rg2+ 69. Kf1 Kg6 70. Rf4 Rf2+ 71. Kg1 Kg5 72. Rf8 Kg4 73. Rg8+ Kf4 74. Rf8+ Ke3 75. Re8+ Kd3 76. Rd8+ Ke2 77. Re8+ Kd2 78. Rg8 Rg2+ 79. Kf1 Kd1 80. Rg7 Rf2+ 81. Kg1 Rd2 82. Rf7 Rd3 83. Re7 Kc2 84. Rc7+ Kb3 85. Rc1 Rd2 86. Rf1 Rg2+ 0-1

[Event "44th Chess Olympiad Open 2022"]
[Site "Chennai"]
[Date "2022.08.07"]
[Round "9.38"]
[White "Masango, Spencer"]
[Black "Diaz Rosas, Julio Cesar"]
[Result "0-1"]
[WhiteElo "2170"]
[BlackElo "2328"]
[Annotator "RC"]
[PlyCount "79"]
[EventDate "2022.??.??"]
[TimeControl "60"]

1. Nf3 d5 2. g3 Nf6 3. Bg2 e6 4. O-O Be7 5. d4 O-O 6. c4 dxc4 7. Ne5 Nc6 8. Bxc6 bxc6 9. Nxc6 Qd7 10. Nxe7+ Qxe7 11. Qc2 c5 12. dxc5 Qxc5 13. Be3 Qh5 14. f3 Bb7 15. Qxc4 Rfc8 16. Qa4 Bc6 17. Qh4 Qxh4 18. gxh4 Nd5 19. Kf2 Rab8 20. b3 Rb4 21. Bxa7 Rxh4 22. Rh1 Nb4 23. a3 Nd5 24. Nd2 Bb7 25. Nc4 Ba6 26. Ne3 Nf4 27. Ra2 Rc3 28. Rd2 h6 29. Rb2 Bxe2 30. Rxe2 Nxe2 31. Kxe2 Rxb3 32. Bc5 f5 33. Bb4 Rh3 34. Bd6 Rb2+ 35. Ke1 Rxf3 36. Nd1 Ra2 37. h4 Rd3 38. Be5 Raxa3 39. Ke2 Rd5 40. Bc7 0-1

[Event "44th Chess Olympiad Open 2022"]
[Site "Chennai"]
[Date "2022.08.07"]
[Round "9.38"]
[White "Mwadzura, Roy"]
[Black "Montes Orozco, Miguel Angel"]
[Result "1-0"]
[WhiteElo "2093"]
[BlackElo "2070"]
[Annotator "NA RC"]
[PlyCount "59"]
[EventDate "2022.??.??"]
[TimeControl "60"]

1. e4 e5 2. Nf3 Nc6 3. Bc4 Nf6 4. d3 Bc5 5. c3 O-O 6. Bg5 h6 7. Bh4 d6 8. Nbd2 g5 9. Nxg5 hxg5 10. Bxg5 Kg7 11. Qf3 Rh8 12. Nf1 Na5 13. Ne3 Nxc4 14. Nd5 Nxd5 15. Bxd8 Rxd8 16. exd5 Nxb2 17. a4 Bd7 18. Ra2 Nxa4 19. Rxa4 Bxa4 20. Qg4+ Kf8 21. Qxa4 b5 22. Qa5 a6 23. h4 Bb6 24. Qb4 Ke7 25. h5 Rg8 26. h6 Rxg2 27. h7 Rh8 28.
Qh4+ f6 29. Qh3 Rg6 30. Qe6+ 1-0

[Event "44th Chess Olympiad Open 2022"]
[Site "Chennai"]
[Date "2022.08.07"]
[Round "9.39"]
[White "Solomon, Kenny"]
[Black "Christie, Joshua"]
[Result "1/2-1/2"]
[WhiteElo "2355"]
[BlackElo "2272"]
[Annotator "RC"]
[PlyCount "156"]
[EventDate "2022.??.??"]
[TimeControl "60"]

1. d4 Nf6 2. Nf3 e6 3. Bf4 c5 4. e3 d5 5. Nbd2 Bd6 6. dxc5 Bxc5 7. Bd3 Nc6 8. O-O O-O 9. c4 Qe7 10. Qb1 Rd8 11. Rd1 h6 12. Bg3 Nh5 13.
cxd5 exd5 14. Nb3 Bb6 15. Bh7+ Kh8 16. Bf5 Nxg3 17. hxg3 Qf6 18. Bxc8 Raxc8 19. a4 a5 20. Ra3 Nb4 21. Nbd4 Rc4 22. Rc3 Rdc8 23. Rdc1 g6 24. Nd2 R4c5 25. Rxc5 Rxc5 26. Rd1 Rc8 27. N2f3 Qe7 28. Nb5 Rc2 29. Nfd4 Bxd4 30. Nxd4 Rc5 31. Nb5 Qe5 32. Nc3 Rc4 33. Nb5 Kg7 34. Rd2 h5 35. Qd1 h4 36. gxh4 Rxh4 37. g3 Rh5 38. Qf3 Rf5 39. Qg4 Qf6 40. Qd4 Re5 41. f4 Re4 42. Qxf6+ Kxf6 43. Kf2 b6 44. Nc3 Rc4 45. Kf3 Ke6 46. g4 f6 47. Rd1 g5 48.
fxg5 fxg5 49. Rh1 Nc6 50. Rh6+ Kf7 51. Ke2 d4 52. exd4 Nxd4+ 53. Kd3 Rb4 54. Nd5 Rxa4 55. Rf6+ Kg7 56. Rxb6 Nf3 57. Rb7+ Kf8 58. b4 Ne5+ 59. Ke4 Nxg4 60. Kf5 axb4 61. Kxg4 b3+ 62. Kxg5 Ke8 63. Kf5 Ra1 64. Rxb3 Kd7 65. Rd3 Kc6 66. Ke5 Re1+ 67. Ne3 Rc1 68. Rd6+ Kb5 69. Kd4 Rh1 70. Rg6 Rh5 71. Ng4 Rh4 72. Kd5 Rh1 73. Ne5 Rd1+ 74. Ke4 Re1+ 75. Kd4 Rh1 76. Rg5 Rh4+ 77. Ng4+ Kb4 78. Rg8 Kb5 1/2-1/2

[Event "44th Chess Olympiad Open 2022"]
[Site "Chennai"]
[Date "2022.08.07"]
[Round "9.39"]
[White "Mhango, Banele"]
[Black "Lorne, Ras Malaku"]
[Result "1-0"]
[WhiteElo "2238"]
[BlackElo "2079"]
[Annotator "RC"]
[PlyCount "75"]
[EventDate "2022.??.??"]
[TimeControl "60"]

1. d4 Nf6 2. c4 e6 3. Nc3 Bb4 4. a3 Bxc3+ 5. bxc3 c5 6. f3 d5 7. cxd5 exd5 8. e3 c4 9. g4 Ng8 10. h4 h5 11. g5 Qc7 12. Ne2 Ne7 13. Kf2 Bf5 14. Bg2 Nd7 15. Nf4 Qa5 16. Qe1 O-O-O 17. e4 dxe4 18. fxe4 Bg4 19. Rb1 Nb6 20. Rf1 f6 21. gxf6 gxf6 22. Kg1 Rhg8 23. Rb4 Nc6 24. Qf2 Nxb4 25. axb4 Qb5 26. Be3 Qd7 27. Kh2 Qc7 28. Ra1 Kb8 29. Ra5 Rde8 30. Kh1 Qh7 31. Qg3 Qc7 32. Rc5 Qd6 33. Qf2 Qd7 34. Ra5 Qh7 35. d5 Rxe4 36. Bxb6 axb6 37. Qxb6 Kc8 38. Ra8+ 1-0

[Event "44th Chess Olympiad Open 2022"]
[Site "Chennai"]
[Date "2022.08.07"]
[Round "9.39"]
[White "Smith, Shreyas"]
[Black "Cawdery, Daniel"]
[Result "1/2-1/2"]
[WhiteElo "2147"]
[BlackElo "2417"]
[Annotator "TA"]
[PlyCount "118"]
[EventDate "2022.??.??"]
[TimeControl "60"]

1.
e4 c5 2. c3 Nf6 3. e5 Nd5 4. d4 cxd4 5. Nf3 Nc6 6. Bc4 Nb6 7. Bb3 d5 8.
exd6 Qxd6 9. O-O Be6 10. Na3 Bxb3 $1 {[%emt 0:10:29] is now more
promising than 10...dxc3.} 11. axb3 (11. Qxb3 $5 dxc3 12. Rd1 $11 (12. Nb5 Qb8 $14)) 11... e6 {[%emt 0:09:53] is the legacy
move (11...a6). B22: Sicilian: 2 c3.} ({Black should play} 11... dxc3 $11 12.
Qxd6 exd6) 12. Nb5 $14 Qb8 {[%emt 0:09:46] [#]} 13. Nfxd4 $146 ({Predecessor:} 13. g3 a6 14. Bf4 e5 15. Nxe5 axb5 16. Nxc6 {
1-0 (16) Karpatchev,A (2461)-De Labaca,R (2188) Calvi 2004}) 13... Be7 {
[%emt 0:01:55] White is slightly better.} 14. Qg4 O-O 15. Bf4 Qc8 (15... h5 $14 16.
Qg3 (16. Bxb8 hxg4 17. Nxc6 bxc6 $11) 16... Nxd4 17. Nxd4 (17. Bxb8 Ne2+ 18.
Kh1 Nxg3+ 19. Bxg3 a6 $11) 17... Qc8) 16. Nxc6 {[%emt 0:07:14] 0x0.
001eba268068dp-1022s more active pieces. The black rooks are badly placed.} (
16. Nc7 $16 {aiming for Nxc6.} Rb8 17. Qg3) 16... Qxc6 $11 17.
Nxa7 Qe4 {[%emt 0:02:30][%cal Yg7g5] Prevents Be5.} 18. Rae1
$40 {[%emt 0:10:52] White has some attack.} Qd3 {[%emt 0:14:48] [#]} (18... Qc2
$1 $11 19. Nb5 Qxb3) 19. Be5 $1 $16 Qg6 (19... g6 20. Qd4) 20. Qd4 Nd5 21. Nb5 Rfd8 22. Rd1 (22. Qc4 $16) 22... Qh5 (22... Nf6 $11 23. Bd6
Qc2) 23. Qe4 $1 ({Don't blunder} 23. Bxg7 $2 Nf4 $1 24. Be5
Ne2+ 25. Kh1 Nxd4 $19) 23... Bf8 24. Rd4 f5 (24... Ne7 $16) 25. Qe1 $18 Bc5 26. Rd3 f4 27. Bd4 {[%emt 0:
06:50] Inhibits Ne3.} Qf5 {[%emt 0:02:58] [#]} 28. Bxc5 $1 Qxd3 29. Qxe6+ Kh8 30. Nd6 {[%emt 0:00:09] Prevents Re8.} Rxd6 31. Bxd6 f3 {[%emt 0:01:03][%cal Yd3f1] Strongly threatening .
..Qxf1+!} 32. Re1 {[%emt 0:01:15][%cal Ye6e8] Qe8+! would kill now.} h6 33. gxf3 {[%emt 0:18:14] Threatens to win with Qf7.} Nf6 {
[%emt 0:01:22] [#]} 34. Be5 $1 Re8 (34...
Qg6+ $142 35. Kh1 Qh5) 35. Qh3 Qg6+ 36. Qg3 Qf5 {[%emt 0:00:04] [#]} 37. Re4 $1 Nh5 $11 38. Bxg7+ Nxg7 39. Rxe8+ Nxe8 40. Qb8 Qg6+ 41. Kf1 Qd3+ 42. Kg2 Qg6+ 43. Qg3 Qf7 44. h4 Nf6 {[%emt 0:00:22] Black has
compensation.} 45. Qf4 {[%emt 0:00:22] The position is equal.} Kg7 46. c4 Qg6+ 47. Kh3 Qb1 48. Qc7+ Kg6 {[%emt 0:00:00] ...Qf1+ is the
strong threat.} 49. Qb6 Qxb2 50. Kg2 Qe5 51. Qxb7 Qf4 52. h5+ Kxh5 53. Qg7 Qg5+ 54. Qxg5+ Kxg5 {[%emt 0:00:00] KN-KP}
55. b4 Kf4 56. c5 Nd7 57. c6 Nb6 58.
b5 h5 59. Kh3 Kxf3 {[%emt 0:
00:00] Black defended with fortune. Weighted Error Value: White=0.13 (very
precise) / Black=0.17 (very precise)} 1/2-1/2

[Event "44th Chess Olympiad Open 2022"]
[Site "Chennai"]
[Date "2022.08.07"]
[Round "9.39"]
[White "Shaw, Jaden"]
[Black "Kobese, Watu"]
[Result "0-1"]
[WhiteElo "1930"]
[BlackElo "2311"]
[Annotator "RC"]
[PlyCount "112"]
[EventDate "2022.??.??"]
[TimeControl "60"]

1. e4 e5 2. Nf3 Nc6 3. Bb5 a6 4. Bxc6 dxc6 5. O-O f6 6. d4 exd4 7. Nxd4 c5 8. Ne2 Qxd1 9. Rxd1 Bd7 10. Nbc3 O-O-O 11. Be3 b6 12. a4 Re8 13. Rd2 Bc6 14. Rad1 Ne7 15. Ng3 Ng6 16. b3 h5 17. f3 h4 18. Nf5 Ne5 19. Bf4 Ng6 20. Be3 h3 21. Bf2 hxg2 22. Bg3 c4 23. Nd5 Ne5 24. Kxg2 cxb3 25. cxb3 Rg8 26. Rc2 Bxd5 27. Rxd5 Bc5 28. a5 Kb8 29. b4 Bxb4 30.
Rb2 c6 31. Rd7 bxa5 32. Bxe5+ Rxe5 33. Ne7 Rg5+ 34. Kf1 Rc8 35. Nxc8 Kxc8 36. Rf7 c5 37. h4 Rh5 38. Rxg7 Rxh4 39. Rbg2 a4 40. Rf7 Rh8 41. Rxf6 a5 42. Ke2 Rd8 43. Ke3 a3 44. Rf5 Kc7 45. Rc2 Kb6 46. Rd5 Rh8 47. e5 Kb5 48. Rd1 Ka4 49. Rb1 c4 50.
Ke4 c3 51. f4 Rd8 52. f5 Rd2 53. Rxd2 cxd2 54. e6 a2 55. Rd1 Kb3 56. Kd3 Be7 0-1

[Event "44th Chess Olympiad Open 2022"]
[Site "Chennai"]
[Date "2022.08.07"]
[Round "9.40"]
[White "Markov, Mikhail"]
[Black "Ahmad, Al Khatib"]
[Result "1-0"]
[WhiteElo "2333"]
[BlackElo "2244"]
[Annotator "RC"]
[PlyCount "135"]
[EventDate "2022.??.??"]
[TimeControl "60"]

1. c4 e6 2. Nf3 d5 3. d4 Nf6 4. g3 Bb4+ 5. Nbd2 c5 6. dxc5 Bxc5 7. Bg2 dxc4 8.
O-O c3 9. bxc3 O-O 10. Nb3 Qxd1 11. Rxd1 Be7 12. c4 Nc6 13. Bb2 Bd7 14. Ne5 Nxe5 15. Bxe5 Bc6 16. Bxc6 bxc6 17. Na5 Rfc8 18. Rab1 Bd8 19. Nb7 Ng4 20. Bd6 Bc7 21. Bxc7 Rxc7 22. Nc5 Kf8 23. Na6 Re7 24. c5 Nf6 25. Rd4 Nd5 26. e4 Nc3 27. Rb2 Nb5 28. Rdb4 e5 29. a4 Nd4 30. f4 f6 31. fxe5 Nf3+ 32. Kg2 Nxe5 33. Rd4 Rc8 34. h3 Nf7 35. a5 Ne5 36. Rb3 Ree8 37. Rb7 Re7 38. Rb1 Ree8 39. Rd6 Red8 40. Nc7 Rxd6 41. cxd6 Kg8 42. Rb7 Rd8 43. Rxa7 Rxd6 44. Rb7 Rd2+ 45. Kf1 Nf3 46. Rb3 Rd7 47. Rb8+ Kf7 48. a6 Rd2 49. Rb3 Rd7 50. a7 Nd2+ 51. Ke1 Nxb3 52. a8=Q Rxc7 53. Qb8 Re7 54. Qxb3+ Kg6 55. Qd3 Re5 56. Kf2 h5 57. Kf3 Kh6 58. Qd8 c5 59. Kf4 g5+ 60. Kf3 Kg7 61. Qc8 Kf7 62. Qh8 Kg6 63. Qg8+ Kh6 64. Qf7 g4+ 65. hxg4 hxg4+ 66. Kf4 Rg5 67. Qxf6+ Rg6 68. Qh8# 1-0

[Event "44th Chess Olympiad Open 2022"]
[Site "Chennai"]
[Date "2022.08.07"]
[Round "9.40"]
[White "Mansour, Sameer"]
[Black "Tologontegin, Semetey"]
[Result "0-1"]
[WhiteElo "2275"]
[BlackElo "2378"]
[Annotator "RC"]
[PlyCount "90"]
[EventDate "2022.??.??"]
[TimeControl "60"]

1. c4 b6 2. d4 Bb7 3. Nc3 e6 4. e4 Bb4 5. f3 Ne7 6. Bd3 f5 7. Nge2 fxe4 8.
fxe4 O-O 9. a3 Bxc3+ 10. Nxc3 Nbc6 11. Be3 e5 12. d5 Nd4 13. Qh5 Nb3 14. Rd1 Ng6 15. Bc2 Nd4 16. Kd2 Qe7 17. Bd3 Nf4 18.
Bxf4 Rxf4 19. Rdf1 Rh4 20. Rf7 Qd8 21. Qxe5 Kxf7 22. Qxd4 Qg5+ 23. Kd1 Qxg2 24. Rg1 Qf3+ 25. Be2 Qf6 26. Qe3 Kg8 27. Bg4 d6 28. e5 Qxe5 29. Qxe5 dxe5 30. Nb5 Bc8 31. Be2 Bd7 32. Nxc7 Rc8 33. Ne6 Bxe6 34. dxe6 Re8 35. Bg4 h5 36. Bf5 Rxh2 37. Kc1 Kf8 38. Rf1 Ke7 39. Bg6 Rf8 40. Bf7 Rc8 41. b3 b5 42. Rd1 Rc7 43.
Rg1 bxc4 44. b4 h4 45. Rxg7 Kd6 0-1

[Event "44th Chess Olympiad Open 2022"]
[Site "Chennai"]
[Date "2022.08.07"]
[Round "9.40"]
[White "Degenbaev, Aziz"]
[Black "Ibrahim Alwahsh"]
[Result "1-0"]
[WhiteElo "2215"]
[BlackElo "2058"]
[Annotator "RC"]
[PlyCount "97"]
[EventDate "2022.??.??"]
[TimeControl "60"]

1. e4 e6 2. d4 d5 3. Nc3 Bb4 4. e5 c5 5. a3 Bxc3+ 6. bxc3 Nc6 7. Nf3 Bd7 8. a4 Qc7 9. Bb5 Nge7 10. O-O Na5 11. Bd3 h6 12. Qd2 O-O 13.
dxc5 f6 14. Qf4 fxe5 15. Qxe5 Qxe5 16. Nxe5 Be8 17. Re1 Rc8 18. f3 Rc7 19. Ba3 Rf4 20. c6 Nc8 21. Bb4 b6 22. Rab1 Nxc6 23.
Nxc6 Bxc6 24. Rxe6 a5 25. Bd6 Nxd6 26. Rxd6 Bxa4 27. Rbxb6 Rf8 28. Rxd5 Rxc3 29. Rb2 Rfc8 30. Bf5 R8c7 31. Bg6 Kf8 32. Re5 R3c5 33. Rb8+ Rc8 34. Rxc5 Rxb8 35. Rxa5 Be8 36. Be4 Rc8 37. Ra8 Rxa8 38. Bxa8 Ke7 39. Kf2 Kd6 40. Ke3 Kc5 41. Be4 Kc4 42. h4 Kc3 43. g4 Ba4 44. g5 hxg5 45. hxg5 Kc4 46. Kf4 Kd4 47. Kf5 Be8 48. Ke6 Ke3 49. g6 1-0